 Seeded DCSS version 0.30.1-11-g7821555f0a (webtiles) character file.

Game seed: 8617203140785432855 (custom seed)

34 Psyclone the Conjurer (level 3, -2/19 HPs)
             Began as a Deep Elf Conjurer on Nov 2, 2023.
             Slain by Terence
             ... wielding a +0 short sword
              (5 damage)
             ... on level 2 of the Dungeon.
             The game lasted 00:07:57 (1662 turns).

Psyclone the Conjurer (Deep Elf Conjurer)           Turns: 1662, Time: 00:07:58

Health: -2/19      AC:  2    Str:  4    XL:     3   Next: 14%
Magic:  3/9        EV: 12    Int: 24    God:
Gold:   15         SH:  0    Dex: 13    Spells: 7/8 levels left

rFire   . . .        (no weapon)
rCold   . . .        (no shield)
rNeg    . . .        a - +0 robe
rPois   .            (no helmet)
rElec   .            (no cloak)
rCorr   .            (no gloves)
SInv    .            (no boots)
Will    .....        (no amulet)
Stlth   ++           (no ring)
HPRegen 0.23/turn    (no ring)
MPRegen 0.11/turn

%: no passive effects
@: no status effects
A: no striking features
a: no special abilities


You were on level 2 of the Dungeon.
You visited 1 branch of the dungeon, and saw 3 of its levels.

You collected 15 gold pieces.

Inventory:

Armour
 a - a +0 robe (worn)
Jewellery
 c - the dreamshard necklace {*Dream Drain}
   (You found it on level 3 of the Dungeon)

   [amulet of nothing]

   *Dream:    It shatters if its wearer takes lethal or near-lethal damage,
   preventing the blow and releasing protective dreams that heal and fight for
   the wearer.
   Drain:     It drains your maximum health when unequipped.
Scrolls
 d - a scroll of silence {unknown}
Potions
 b - a potion of magic


   Skills:
 - Level 2.4 Dodging
 - Level 2.4 Stealth
 - Level 3.0 Spellcasting
 + Level 5.6 Conjurations


You had 7 spell levels left.
You knew the following spells:

 Your Spells              Type           Power      Damage    Failure   Level
a - Magic Dart            Conj           100%       1d8       1%          1

Your spell library contained the following spells:

 Spells                   Type           Power      Damage    Failure   Level
 Searing Ray              Conj           60%        2d6       1%          2
 Dazzling Flash           Conj/Hex       34%        N/A       11%         3
 Fulminant Prism          Conj/Hex       8%         3d7       34%         4
 Iskenderun's Mystic Bla  Conj/Tloc      17%        2d5       34%         4


Dungeon Overview and Level Annotations

Branches:
Dungeon (3/15) Zot: 16337

Altars:

Annotations:
D:2 Terence


Message History

Terence is heavily wounded.
Terence barely misses you.
You now have 7/9 mp.
Casting: Magic Dart (safe; 1% risk of failure)
Confirm with . or Enter, or press ? or * to list all spells.
Aiming: Magic Dart (safe; 1% risk of failure)
Press: ? - help, Shift-Dir - straight line, f/p - Terence
Aim: Terence, wielding a +0 short sword and wearing a +0 ring mail (heavily wounded, 100% to hit)
The magic dart hits Terence.
Terence is heavily wounded.
Terence hits you with a +0 short sword!
You take 7 damage, and have 12/19 hp.
MASSIVE DAMAGE!!
You now have 6/9 mp.
Casting: Magic Dart (safe; 1% risk of failure)
Confirm with . or Enter, or press ? or * to list all spells.
Aiming: Magic Dart (safe; 1% risk of failure)
Press: ? - help, Shift-Dir - straight line, f/p - Terence
Aim: Terence, wielding a +0 short sword and wearing a +0 ring mail (heavily wounded, 100% to hit)
The magic dart hits Terence.
Terence is almost dead.
Terence hits you with a +0 short sword.
You take 5 damage, and have 7/19 hp.
MASSIVE DAMAGE!!
You now have 5/9 mp.
Casting: Magic Dart (safe; 1% risk of failure)
Confirm with . or Enter, or press ? or * to list all spells.
Aiming: Magic Dart (safe; 1% risk of failure)
Press: ? - help, Shift-Dir - straight line, f/p - Terence
Aim: Terence, wielding a +0 short sword and wearing a +0 ring mail (almost dead, 100% to hit)
The magic dart hits Terence.
Terence is almost dead.
Terence hits you with a +0 short sword.
* * * LOW HITPOINT WARNING * * *
You take 4 damage, and have 3/19 hp.
MASSIVE DAMAGE!!
You now have 4/9 mp.
Casting: Magic Dart (safe; 1% risk of failure)
Confirm with . or Enter, or press ? or * to list all spells.
Aiming: Magic Dart (safe; 1% risk of failure)
Press: ? - help, Shift-Dir - straight line, f/p - Terence
Aim: Terence, wielding a +0 short sword and wearing a +0 ring mail (almost dead, 100% to hit)
The magic dart hits Terence.
Terence is almost dead.
Terence hits you with a +0 short sword.
You die...

#.#....#....."....#.#
#.#
#.###..#.########.#.#
#.# #.# #..#. #.#.#
#.# #.# #..#.
######.#.######.# #.#
#..#.
#......#.......!#
.###..#.
#.###############
....... #.#
#####..#####.#
#........w@@.#
#...b..:######
#.......# #.......#
.......w# ........#
........# ........#
........#


You could see Terence, a worm and a bat (wandering).

Vanquished Creatures
  A worm (D:2)
  An orc (D:3)
  3 endoplasms (D:3)
  2 goblins
  5 hobgoblins
  2 jackals (D:3)
  A quokka (D:3)
  3 ball pythons
  4 bats
  3 kobolds
  2 rats (D:2)
27 creatures vanquished.

Notes
Turn   | Place    | Note
-------+----------+-------------------------------------------
     0 | D:1      | Psyclone the Deep Elf Conjurer began the quest for the Orb.
     0 | D:1      | Reached XP level 1. HP: 10/10 MP: 6/6
    47 | D:3      | Found the dreamshard necklace {*Dream Drain}
   210 | D:3      | Reached XP level 2. HP: 15/15 MP: 4/8
   212 | D:3      | Reached skill level 5 in Conjurations
  1458 | D:2      | Reached XP level 3. HP: 19/19 MP: 7/9
  1651 | D:2      | Noticed Terence
  1662 | D:2      | Slain by Terence

Illustrated notes

Levels and vault maps discovered:
D:1:      dpeg_arrival_stonehenge_12_columns, layout_basic, serial_shops, shop
D:2:      layout_basic, shapermc_ecumenical_altar_ellora, minivault_25,
          uniq_robin, uniq_terence, uniq_jessica
D:3:      layout_rooms, uniq_grinder

Skill      XL: |  1  2 |
---------------+-------+-----
Conjurations   | 5 |  5.6
Dodging        | |  2.4
Stealth        | |  2.4
Spellcasting   | |  3.0

Action                     || total
---------------------------++-------
   Cast: Magic Dart        ||    61
 Armour: Robe              ||     1
  Dodge: Dodged            ||     3
